 Dungeon Crawl Stone Soup version 0.24-a0-251-g44e327ef01 (webtiles) character file.

Game seed: 13101581787915090986

207 MrRokkomies the Arsonist (level 5, 0/28 HPs)
             Began as a Deep Elf Fire Elementalist on Apr 14, 2019.
             Succumbed to an adder's poison
             ... on level 3 of the Dungeon on Apr 17, 2019.
             The game lasted 00:08:01 (2407 turns).

MrRokkomies the Arsonist (DEFE)                     Turns: 2407, Time: 00:08:02

Health: 0/28       AC:  3    Str:  5    XL:     5   Next: 54%
Magic:  12/12      EV: 18    Int: 19    God:
Gold:   117        SH:  0    Dex: 20    Spells: 3/11 levels left

rFire    . . .     SeeInvis .   a - +2 dagger (venom)
rCold    . . .     Gourm    .   (no shield)
rNeg     . . .     Faith    .   m - +0 robe
rPois    .         Spirit   .   (no helmet)
rElec    .         Reflect  .   (no cloak)
rCorr    .         Harm     .   i - +0 pair of gloves (curse)
MR       .....                  (no boots)
Stlth    +++.......             e - amulet of inaccuracy (curse)
HPRegen  0.09/turn              n - ring of wizardry
MPRegen  0.13/turn              (no ring)

@: agile, lethally poisoned (0 -> -1), berserk cooldown, slowed, very slow
A: blurry vision 1, dopey 1, wild magic 1
a: no special abilities


You were on level 3 of the Dungeon.
You were not hungry.

You visited 1 branch of the dungeon, and saw 4 of its levels.

You collected 117 gold pieces.

Inventory:

Hand Weapons
 a - a +2 dagger of venom (weapon)
Missiles
 d - 12 poisoned needles
 h - 5 javelins (quivered)
Armour
 i - a cursed +0 pair of gloves (worn)
 m - a +0 robe (worn)
Jewellery
 e - a cursed amulet of inaccuracy (around neck)
 n - a ring of wizardry (left hand)
Wands
 j - a wand of polymorph (12)
Potions
 f - 4 potions of flight
 o - 2 potions of berserk rage
Comestibles
 c - 6 rations
 p - 2 chunks of flesh


   Skills:
 - Level 2.4 Dodging
 - Level 2.4 Stealth
 + Level 3.9 Spellcasting
 * Level 9.3 Conjurations
 * Level 9.8 Fire Magic


You had 3 spell levels left.
You knew the following spells:

 Your Spells              Type           Power        Failure   Level  Hunger
a - Flame Tongue          Conj/Fire      #####        1%          1    None
b - Conjure Flame         Conj/Fire      ######..     1%          3    ###....
c - Sticky Flame          Conj/Fire      ######..     1%          4    ####...

Your spell library contained the following spells:

 Spells                   Type           Power        Failure   Level  Hunger
 Throw Flame              Conj/Fire      ######       1%          2    ##.....
 Inner Flame              Hex/Fire       ####....     3%          3    ###....
 Fireball                 Conj/Fire      ######....   4%          5    ######.


Dungeon Overview and Level Annotations

Branches:
Dungeon (4/15)
 Temple: D:4-7

Altars:


Innate Abilities, Weirdness & Mutations

Scrolls take you a little longer to read.
You are dopey. (Int -2)
Your spells are a little harder to cast, but a little more powerful.


Message History

You feel sick.
A red film seems to cover your vision as you go berserk!
You feel yourself moving faster!
You feel mighty!
You feel a strong urge to attack something.
You feel your anger nearly subside.
You are no longer berserk.
You are exhausted.
You feel yourself slow down.
* * * LOW HITPOINT WARNING * * *
You feel sick.
You aren't carrying any scrolls.
* * * LOW HITPOINT WARNING * * *
You feel sick.
* * * LOW HITPOINT WARNING * * *
You feel sick.
Really quaff the potion of mutation?
You feel extremely strange.
Your vision blurs.
You feel stupid.
You feel less in control of your magic.
* * * LOW HITPOINT WARNING * * *
You feel sick.
You die...

.## #.#..#.#####.# ..#
#.#..#.......# ..#
#.#......<.#.#
#.#####.#.#.#.##.#.##
#..#......#.........#
#..####.#.#.#.##.#..#
#...#.........##.##.#
....###.....#.##.##.#
....###.........@...#
.....##...#.#.##.####
..#..##.......##.#
###...#......###.#
.###..##.......#.#
......###....###.#
..#....##..#.###.######
......................#
.##.#..###...##########


There were no monsters in sight!

Vanquished Creatures
  Jessica (D:3)
  2 adders
  An ooze (D:1)
  A worm (D:3)
  3 dart slugs
  A leopard gecko (D:1)
  2 orcs (D:3)
  3 giant cockroaches
  6 hobgoblins
  2 jackals (D:1)
  A quokka (D:2)
  7 bats
  4 frilled lizards
  4 goblins
  6 kobolds
  5 rats
49 creatures vanquished.

Notes
Turn   | Place    | Note
-------+----------+-------------------------------------------
     0 | D:1      | MrRokkomies the Deep Elf Fire Elementalist began the quest
                  | for the Orb.
     0 | D:1      | Reached XP level 1. HP: 10/10 MP: 6/6
   341 | D:1      | Reached XP level 2. HP: 12/15 MP: 1/8
   804 | D:1      | Upgraded the game from 0.24-a0-250-g6074511092 to
                  | 0.24-a0-251-g44e327ef01
   986 | D:2      | Reached XP level 3. HP: 18/19 MP: 6/9
   991 | D:2      | Learned a level 3 spell: Conjure Flame
  1214 | D:2      | You fall through a shaft for 2 floors!
  1960 | D:3      | Reached XP level 4. HP: 6/24 MP: 5/11
  2183 | D:3      | Learned a level 4 spell: Sticky Flame
  2303 | D:3      | Noticed Jessica
  2315 | D:3      | Killed Jessica
  2389 | D:3      | Reached XP level 5. HP: 6/28 MP: 12/12
  2403 | D:3      | Gained mutation: Scrolls take you a little longer to read.
                  | [potion of mutation]
  2403 | D:3      | Gained mutation: You are dopey. (Int -2) [potion of
                  | mutation]
  2403 | D:3      | Gained mutation: Your spells are a little harder to cast,
                  | but a little more powerful. [potion of mutation]
  2405 | D:3      | HP: 1/28 [poisoned by an adder]
  2407 | D:3      | Succumbed to an adder's poison

Levels and vault maps discovered:
D:1:      minmay_arrival_wavy_path, layout_basic
D:2:      layout_loops_corners
D:3:      layout_basic, uniq_jessica
D:4:      layout_loops_ring, minmay_overflow_temple_star_quad,
          minmay_temple_entry_glassed_door

Skill      XL: |  1  2  3  4 |
---------------+-------------+-----
Conjurations   | 2 9 |  9.3
Fire Magic     | 4 9 |  9.8
Dodging        | |  2.4
Stealth        | |  2.4
Spellcasting   | |  3.9

Action                   |  1- 3 |  4- 6 || total
-------------------------+-------+-------++-------
Melee: Mace              |    15 |       ||    15
       Dagger            |    53 |    16 ||    69
Throw: Javelin           |     1 |       ||     1
 Cast: Flame Tongue      |    52 |     1 ||    53
       Conjure Flame     |     1 |       ||     1
       Sticky Flame      |       |     2 ||     2
  Use: Scroll            |     6 |       ||     6
       Potion            |       |     7 ||     7
 Stab: Sleeping          |     2 |       ||     2
  Eat: Chunk             |     3 |     2 ||     5
Armor: Robe              |    24 |     2 ||    26
Dodge: Dodged            |    93 |    11 ||   104

Table legend:
 A = Non-vault XP
 B = Vault XP
 C = Vault XP percentage of total XP
 D = Non-vault monster count
 E = Vault monster count
 F = Vault count percentage of total count
                 A         B        C        D         E       F
            +---------+---------+-------+---------+---------+-------
      Total |     114 |      37 |  24.5 |      48 |       1 |   2.0
            +---------+---------+-------+---------+---------+-------
        D:1 |      31 |       0 |   0.0 |      14 |       0 |   0.0
        D:2 |      40 |       0 |   0.0 |      18 |       0 |   0.0
        D:3 |      43 |      37 |  46.2 |      16 |       1 |   5.9
            +---------+---------+-------+---------+---------+-------
